 Dungeon Crawl Stone Soup version 0.27.1-3-gb3d3a73c9e (webtiles) character file.

Game seed: 1636636427006335677

19 Araneus the Skirmisher (level 2, -1/24 HPs)
             Began as a Demonspawn Fighter on Oct 14, 2021.
             Slain by a gnoll (4 damage)
             ... on level 1 of the Dungeon.
             The game lasted 00:00:50 (318 turns).

Araneus the Skirmisher (Demonspawn Fighter)          Turns: 318, Time: 00:00:51

Health: -1/24      AC:  6    Str: 16    XL:     2   Next: 55%
Magic:  2/2        EV:  6    Int:  9    God:
Gold:   10         SH:  9    Dex: 18    Spells: 1/1 levels left

rFire    . . .     SeeInvis .   a - +0 trident
rCold    . . .     Faith    .   c - +0 kite shield
rNeg     . . .     Spirit   .   b - +0 scale mail
rPois    .         Reflect  .   (no helmet)
rElec    .         Harm     .   (no cloak)
rCorr    .         Rampage  .   (no gloves)
Will     .....                  (no boots)
Stlth    ..........             (no amulet)
HPRegen  0.08/turn              f - +6 ring of dexterity
MPRegen  0.08/turn              (no ring)

@: no status effects
A: talons 1
a: no special abilities


You were on level 1 of the Dungeon.
You visited 1 branch of the dungeon, and saw 1 of its levels.

You collected 10 gold pieces.

Inventory:

Hand Weapons
 a - a +0 trident (weapon)
Armour
 b - a +0 scale mail (worn)
 c - a +0 kite shield (worn)
Jewellery
 f - a +6 ring of dexterity (left hand)
 g - a +6 ring of intelligence
Scrolls
 e - a scroll of magic mapping {unknown}
Potions
 d - a potion of might


   Skills:
 - Level 3.0 Fighting
 + Level 2.1(2.4) Axes
 - Level 1.7(2.2) Polearms
 - Level 2.6 Armour
 - Level 2.6 Shields


You had one spell level left.
You didn't know any spells.
Your spell library was empty.

Dungeon Overview and Level Annotations

Branches:
Dungeon (1/15)

Altars:


Innate Abilities, Weirdness & Mutations

You have sharp toenails.


Message History

You kill the ball python!
You reach to attack!
You completely miss the gnoll.
The gnoll hits you with a +1 flail of holy wrath.
You convulse.
You puncture the gnoll!
The gnoll is severely wounded.
The gnoll hits you with a +1 flail of holy wrath.
You convulse.
You hit the gnoll but do no damage.
The gnoll is severely wounded.
The gnoll barely misses you. You block the gnoll's attack.
Your shield prevents you from hitting the gnoll.
The gnoll is severely wounded.
The kobold hits you but does no damage.
The gnoll hits you with a +1 flail of holy wrath.
You convulse.
* * * LOW HITPOINT WARNING * * *
You are too injured to fight recklessly!
You are too injured to fight recklessly!
You are too injured to fight recklessly!
You are too injured to fight recklessly!
You are too injured to fight recklessly!
You are too injured to fight recklessly!
You are too injured to fight recklessly!
You are too injured to fight recklessly!
You are too injured to fight recklessly!
You are too injured to fight recklessly!
You are too injured to fight recklessly!
You are too injured to fight recklessly!
You are too injured to fight recklessly!
You are too injured to fight recklessly!
You hit the kobold. Your kick misses the kobold.
The kobold is moderately wounded.
You block the kobold's attack. x2
You hit the kobold.
You kill the kobold!
You closely miss the gnoll.
The gnoll is severely wounded.
The gnoll hits you with a +1 flail of holy wrath.
You die...

#. #. #. #. # #.
###.#. .#....†#####
........g@.#
##.#..####.###########
#. #..(............ ..
#.##..##.##.####
###..#.##..##..>.#
........†.#####.#
#######.#.#####.# #
#.#.......# #.
#.#########


You could see a gnoll.

Vanquished Creatures
  2 dart slugs (D:1)
  A giant cockroach (D:1)
  A goblin (D:1)
  A hobgoblin (D:1)
  2 jackals (D:1)
  A quokka (D:1)
  2 ball pythons (D:1)
  2 bats (D:1)
  A frilled lizard (D:1)
  A kobold (D:1)
  A rat (D:1)
15 creatures vanquished.

Notes
Turn   | Place    | Note
-------+----------+-------------------------------------------
     0 | D:1      | Araneus the Demonspawn Fighter began the quest for the Orb.
     0 | D:1      | Reached XP level 1. HP: 18/18 MP: 1/1
   122 | D:1      | Reached skill level 1 in Axes
   203 | D:1      | Gained mutation: You have sharp toenails. [demonic
                  | ancestry]
   203 | D:1      | Reached XP level 2. HP: 24/24 MP: 2/2
   318 | D:1      | Slain by a gnoll

Illustrated notes

Levels and vault maps discovered:
D:1:      kilobyte_arrival_exit_the_forest, layout_loops_cross,
          nrook_loot_triangle

Skill      XL: |  1  2 |
---------------+-------+-----
Axes           | 1 2 |  2.1
Fighting       | |  3.0
Polearms       | |  1.7
Armour         | |  2.6
Shields        | |  2.6

Action                   || total
-------------------------++-------
Melee: Trident           ||    54
       Kick              ||     2
Armor: Scale mail        ||    27
Dodge: Dodged            ||     8
Block: Kite shield       ||    21
